 Dungeon Crawl Stone Soup version 0.31-a0-358-gac0dbeb3ab (webtiles) character file.

Game seed: 14896317410657147165

47 randomguy2701 the Chopper (level 3, -5/33 HPs)
             Began as a Hill Orc Monk on July 25, 2023.
             Slain by a worm (9 damage)
             ... on level 2 of the Dungeon.
             The game lasted 00:01:05 (1191 turns).

randomguy2701 the Chopper (Hill Orc Monk)           Turns: 1191, Time: 00:01:06

Health: -5/33      AC:  3    Str: 15    XL:     3   Next: 70%
Magic:  3/3        EV: 12    Int: 10    God:
Gold:   52         SH:  0    Dex: 13    Spells: 2/2 levels left

rFire   . . .        a - +0 hand axe
rCold   . . .        d - orb {light}
rNeg    . . .        b - +0 robe
rPois   .            n - +0 helmet
rElec   .            (no cloak)
rCorr   .            (no gloves)
SInv    .            (no boots)
Will    .....        (no amulet)
Stlth   +            (no ring)
HPRegen 0.25/turn    (no ring)
MPRegen 0.08/turn

%: no passive effects
@: glowing
A: no striking features
a: no special abilities


You were on level 2 of the Dungeon.
You visited 1 branch of the dungeon, and saw 2 of its levels.

You collected 52 gold pieces.

Inventory:

Hand Weapons
 a - a +0 hand axe (weapon)
Armour
 b - a +0 robe (worn)
 d - an orb of light (worn)
 n - a +0 helmet (worn)
Jewellery
 o - an amulet of faith
Scrolls
 g - 4 scrolls of identify {unknown}
 h - 3 scrolls of enchant armour {unknown}
 k - a scroll of amnesia {unknown}
 l - a scroll of enchant weapon {unknown}
 m - a scroll of fog {unknown}
 p - a scroll of vulnerability {unknown}
Potions
 c - 2 potions of ambrosia
 e - a potion of heal wounds {unknown}
 f - a potion of resistance {unknown}
 i - a potion of magic {unknown}
 j - a potion of enlightenment {unknown}


   Skills:
 + Level 4.3 Fighting
 + Level 4.8 Axes
 + Level 2.9 Dodging


You had 2 spell levels left.
You didn't know any spells.
Your spell library contained the following spells:

 Spells                   Type           Power      Damage    Failure   Level
 Magic Dart               Conj           0%         1d3       36%         1
 Searing Ray              Conj           0%         2d4       50%         2
 Fulminant Prism          Conj/Hex       0%         3d5       98%         4


Dungeon Overview and Level Annotations

Branches:
Dungeon (2/15)

Altars:
Dithmenos


Message History

You hit the endoplasm but do no damage. The endoplasm hits you.
You hit the endoplasm.
The endoplasm is lightly wounded.
The endoplasm freezes you.
You are frozen.
You hit the endoplasm.
The endoplasm is heavily wounded.
The endoplasm barely misses you.
You hit the endoplasm.
You kill the endoplasm!
You hit the worm.
The worm is moderately wounded.
The worm bites you!
You are too injured to fight recklessly!
You are too injured to fight recklessly!
You are too injured to fight recklessly!
You are too injured to fight recklessly!
You are too injured to fight recklessly!
You are too injured to fight recklessly!
You are too injured to fight recklessly!
You are too injured to fight recklessly!
You are too injured to fight recklessly!
You hit the worm but do no damage.
The worm is moderately wounded.
You completely miss the worm.
The worm is moderately wounded.
The worm bites you.
You hit the worm.
The worm is heavily wounded.
The worm bites you.
You hit the worm but do no damage.
The worm is moderately wounded.
You hit the worm.
The worm is heavily wounded.
The worm bites you!
* * * LOW HITPOINT WARNING * * *
You slash the worm!
The worm is almost dead.
The worm bites you!
You die...

## ..# .# ... #.#
######### #.##..##
##...#...## #....# .##
##........)####..####.#
#..?........##.....##.#
#....w@.....##.###.....
#.................†#...
##...<......##.######..
##...#...#........###.
###########.####.####
#.# #...## ##.# ###..#
##..# ##.# #..## #..


You could see a worm.

Vanquished Creatures
  An adder (D:2)
  A dart slug (D:2)
  3 endoplasms
  4 giant cockroaches
  5 goblins (D:1)
  4 hobgoblins
  2 jackals (D:2)
  6 kobolds
  2 ball pythons
  4 bats
  A frilled lizard (D:2)
33 creatures vanquished.

Notes
Turn   | Place    | Note
-------+----------+-------------------------------------------
     0 | D:1      | randomguy2701 the Hill Orc Monk began the quest for the
                  | Orb.
     0 | D:1      | Reached XP level 1. HP: 19/19 MP: 1/1
   189 | D:1      | Reached XP level 2. HP: 27/27 MP: 2/2
   745 | D:2      | Reached XP level 3. HP: 28/33 MP: 3/3
   867 | D:2      | Found a shadowy altar of Dithmenos.
  1191 | D:2      | Slain by a worm

Illustrated notes

Levels and vault maps discovered:
D:1:      grunt_arrival_lava_bath, layout_loops_ring
D:2:      layout_rooms, basic_altar, chequers_ecumenical_altar_twisty,
          grunt_decor_junction, chequers_mini_garden, minmay_tromino_v4_c

Skill      XL: |  1  2 |
---------------+-------+-----
Fighting       | 4 |  4.3
Axes           | |  4.8
Dodging        | |  2.9

Action                     || total
---------------------------++-------
  Melee: Hand axe          ||   114
 Armour: Robe              ||    19
  Dodge: Dodged            ||    77

Table legend: (Time is in decaauts)
 A = Elapsed time spent in this place.
 B = Non-inter-level travel time spent in this place.
 C = Inter-level travel time spent in this place.
 D = Time resting spent in this place.
 E = Time spent auto-exploring this place.
 F = Levels seen in this place.
 G = Mean time per level.
                   A        B        C        D        E       F      G
               +--------+--------+--------+--------+--------+-----+--------+
         Total |   1198 |   1142 |     56 |      0 |    913 |   2 |  599.0 |
       Dungeon |   1198 |   1142 |     56 |      0 |    913 |   2 |  599.0 |
               +--------+--------+--------+--------+--------+-----+--------+

Top non-repeatable levels by time:
     D:1: 732 daAuts
     D:2: 466 daAuts
